 Dungeon Crawl Stone Soup version 0.32-a0-361-g289a535e89 (webtiles) character file.

Game seed: 14239537328917766241

19611 pokeman the Eclecticist (level 12, -2/66 HPs)
             Began as a Deep Elf Hedge Wizard on Feb 18, 2024.
             Was a Priest of Vehumet.
             Slain by a wraith (6 damage)
             ... led by a death knight
             ... on level 12 of the Dungeon.
             The game lasted 00:28:42 (14132 turns).

pokeman the Eclecticist (Deep Elf Hedge Wizard)    Turns: 14132, Time: 00:28:43

Health: -2/66      AC: 11    Str:  7    XL:     12   Next: 38%
Magic:  8/35       EV: 13    Int: 31    God:    Vehumet [***...]
Gold:   816        SH:  0    Dex: 14    Spells: 31/46 levels left

rFire   . . .        g - +2 dagger (venom)
rCold   . . .        (no shield)
rNeg    . . .        B - +0 steam dragon scales
rPois   .            D - +0 helmet
rElec   .            K - +2 cloak
rCorr   .            I - +0 pair of gloves
SInv    .            (no boots)
Will    ++...        J - amulet of regeneration
Stlth   ++           l - ring of willpower
HPRegen 1.11/turn    O - +6 ring of intelligence
MPRegen 0.24/turn

%: no passive effects
@: on blink cooldown, slowed, very slow
A: no striking features
a: Renounce Religion


You were on level 12 of the Dungeon.
You worshipped Vehumet.
Vehumet was most pleased with you.
You visited 1 branch of the dungeon, and saw 12 of its levels.

You collected 816 gold pieces.

Inventory:

Hand Weapons
 g - a +2 dagger of venom (weapon)
 A - the +5 quarterstaff of Kindness {freeze, rF+ Dex+3}
   (You found it on level 7 of the Dungeon)

   Dex+3:     It affects your dexterity (+3).
   rF+:       It protects you from fire.
Missiles
 p - 4 curare-tipped darts
Armour
 c - a +0 buckler
 j - the +5 ring mail of New Discoveries {Fly rC+ Int+5 Dex-3}
   (You found it on level 2 of the Dungeon)

   Int+5:     It affects your intelligence (+5).
   Dex-3:     It affects your dexterity (-3).
   rC+:       It protects you from cold.
   Fly:       It grants you flight.
 w - an orb of energy
 B - +0 steam dragon scales (worn)
 D - a +0 helmet (worn)
 I - a +0 pair of gloves (worn)
 K - a +2 cloak (worn)
 N - a +0 robe of resistance
Jewellery
 l - a ring of willpower (left hand)
 m - a ring of resist corrosion
 y - a ring of willpower
 J - an amulet of regeneration (around neck)
 O - a +6 ring of intelligence (right hand)
Wands
 b - a wand of flame (35)
Scrolls
 e - 2 scrolls of noise {unknown}
 f - 7 scrolls of teleportation {unknown}
 i - a scroll of butterflies {unknown}
 k - 3 scrolls of fear {unknown}
 o - 2 scrolls of fog {unknown}
 q - 5 scrolls of vulnerability {unknown}
 t - 8 scrolls of identify {unknown}
 v - 2 scrolls of enchant weapon {unknown}
 z - a scroll of poison {unknown}
 E - a scroll of revelation {unknown}
 F - 2 scrolls of enchant armour {unknown}
 L - a scroll of blinking {unknown}
Potions
 a - 4 potions of lignification {unknown}
 d - 3 potions of magic
 h - a potion of invisibility {unknown}
 n - 3 potions of enlightenment {unknown}
 r - a potion of mutation {unknown}
 s - 2 potions of ambrosia {unknown}
 u - 9 potions of curing
 x - 3 potions of degeneration {unknown}
 C - a potion of attraction {unknown}
 G - a potion of brilliance {unknown}
 H - 3 potions of might {unknown}
 M - a potion of heal wounds {unknown}


   Skills:
 - Level 4.1 Fighting
 - Level 4.0 Armour
 - Level 3.0 Dodging
 - Level 3.0 Stealth
 + Level 5.2 Shields
 * Level 17.7 Spellcasting
 + Level 10.6 Conjurations
 - Level 1.1 Summonings
 - Level 1.1 Translocations
 - Level 4.2 Fire Magic
 + Level 6.4 Ice Magic
 - Level 1.2 Air Magic
 - Level 1.0 Earth Magic
 - Level 1.1 Alchemy
 - Level 1.1 Evocations


You had 31 spell levels left.
You knew the following spells:

 Your Spells              Type           Power      Damage    Failure   Level
a - Magic Dart            Conj           100%       1d8       0%          1
b - Mephitic Cloud        Conj/Alch/Air  53%        N/A       1%          3
c - Call Imp              Summ           68%        N/A       1%          2
d - Blink                 Tloc           68%        N/A       1%          2
e - Foxfire               Conj/Fire      100%       2x1d9     1%          1
f - Stone Arrow           Conj/Erth      100%       3d13      1%          3
g - Hailstorm             Conj/Ice       69%        3d12      1%          3

Your spell library contained the following spells:

 Spells                   Type           Power      Damage    Failure   Level
 Flame Wave               Conj/Fire      65%        2d15      1%          4
 Freeze                   Ice            100%       1d10      1%          1
 Slow                     Hex            100%       N/A       1%          1
 Cigotuvi's Dreadful Rot  Necr/Alch/Air  64%        N/A       1%          2
 Frozen Ramparts          Ice            100%       1d16      1%          3
 Volatile Blastmotes      Fire/Tloc      86%        2d17      1%          3
 Fulminant Prism          Conj/Alch      29%        3d13      1%          4
 Iskenderun's Mystic Bla  Conj/Tloc      59%        2d12      1%          4
 Animate Armour           Summ/Erth      66%        N/A       10%         4
 Summon Forest            Summ/Tloc      17%        N/A       26%         5
 Eringya's Noxious Bog    Alch           17%        4d6       32%         6
 Lehudib's Crystal Spear  Conj/Erth      29%        10d8      89%         8
 Summon Hydra             Summ           17%        N/A       100%        7


Dungeon Overview and Level Annotations

Branches:
Dungeon (12/15)            Temple (0/1) D:7            Lair (0/5) D:11
    Orc (0/2) D:9

Altars:
Dithmenos
Hepliaklqana
Sif Muna
Vehumet
Zin
The Shining One

Shops:
D:9 *   D:10 (   D:11 *

Portals:
Trove: D:11 (give 14 scrolls of teleportation)


Message History

You feel ready to blink again.
Your cerulean imp closely misses the freezing wraith.
Your cerulean imp barely misses the freezing wraith.
The wraith hits your cerulean imp.
The wraith drains your cerulean imp's vigour!
Your cerulean imp seems to slow down.
There is a stone staircase leading down here.
The freezing wraith attacks as it pursues you!
The freezing wraith hits you. The freezing wraith freezes you!!
The freezing wraith closely misses you.
The wraith closely misses your cerulean imp.
Casting: Call Imp (safe; 1% risk of failure)
Confirm with . or Enter, or press ? or * to list all spells.
A tiny devil pulls itself out of the air.
Your cerulean imp disappears in a puff of smoke!
The freezing wraith barely misses you. The freezing wraith hits you.
The freezing wraith drains your vigour!
You feel yourself slow down.
Unknown command.
Casting: Call Imp (safe; 1% risk of failure)
Confirm with . or Enter, or press ? or * to list all spells.
A tiny devil pulls itself out of the air.
Your cerulean imp disappears in a puff of smoke!
The freezing wraith hits you. The freezing wraith freezes you!
The freezing wraith hits you.
* * * LOW HITPOINT WARNING * * *
The freezing wraith hits you!
* * * LOW HITPOINT WARNING * * *
The freezing wraith freezes you!
* * * LOW HITPOINT WARNING * * *
The freezing wraith hits you.
* * * LOW HITPOINT WARNING * * *
The freezing wraith drains your vigour!
You feel as though you will be slow longer.
Your cerulean imp hits the freezing wraith but does no damage.
Casting: Call Imp (safe; 1% risk of failure)
Confirm with . or Enter, or press ? or * to list all spells.
You blink.
Your cerulean imp barely misses the freezing wraith.
The wraith hits you but does no damage. The wraith hits you.
You die...

### ### #.#########.#
#...........# #.#########.#
#.#<......#.# ######
#.######.##.# #...[#
###########........##.#
##.##.###.......@5###########.#
................WWWW§...#.....#
..W####.#.........#####.##.####
##.# #.#.........# #.##.# ##.#
#.#.........#####.##.# #.#
#...............#.##.# ...#
####.............#.##.# ####
#....#####.#.....#....#
#####.##### #.#.....######


You could see a freezing wraith (ally target), 3 wraiths and a friendly cerulean
imp (summoned).

Vanquished Creatures
  A rakshasa (D:12)
  Erolcha (D:12)
  A centaur warrior (D:12)
  7 two-headed ogres
  A death knight (D:12)
  2 death yaks (D:11)
  2 ugly things (D:12)
  2 manticores (D:11)
  A gargoyle (D:12)
  A kobold demonologist (D:12)
  5 komodo dragons
  4 trolls
  Prince Ribbit (D:6)
  7 slime creatures (D:12)
  Sigmund (D:6)
  A shadow (D:12)
  2 vampires
  A wraith (D:12)
  4 vampire mosquitoes (D:12)
  A yak (D:11)
  2 steam dragons (D:7)
  2 acid dragons (D:12)
  10 orc warriors
  A meliai simulacrum (D:12)
  2 black bears
  2 centaurs (D:12)
  2 kobold brigands
  A bullfrog (D:7)
  3 scorpions
  6 wights
  14 killer bees (D:10)
  2 electric eels (D:9)
  6 howler monkeys
  3 hounds (D:6)
  A sleepcap (D:4)
  A gnoll bouda (D:7)
  2 jellies
  11 orc priests
  7 iguanas
  22 orc wizards
  6 gnolls (D:7)
  6 adders
  A shadow imp (D:6)
  A white imp (D:7)
  2 ribbon worms
  2 dart slugs (D:1)
  42 orcs
  3 giant cockroaches
  8 goblins
  7 hobgoblins
  5 jackals
  10 kobolds
  4 quokkas
  6 ball pythons
  7 bats
  6 frilled lizards
  5 rats
  A foxfire (D:11)
268 creatures vanquished.

Vanquished Creatures (collateral kills)
  An ice beast (D:5)
  An adder (D:2)
  An orc (D:4)
  A jackal (D:2)
  A bat (D:2)
5 creatures vanquished.

Vanquished Creatures (others)
  415 foxfires
415 creatures vanquished.

Grand Total: 688 creatures vanquished

Notes
Turn   | Place    | Note
-------+----------+-------------------------------------------
     0 | D:1      | pokeman the Deep Elf Hedge Wizard began the quest for the
                  | Orb.
     0 | D:1      | Reached XP level 1. HP: 10/10 MP: 7/7
   131 | D:1      | Reached XP level 2. HP: 16/16 MP: 4/9
   460 | D:1      | Reached skill level 5 in Spellcasting
   553 | D:1      | Reached XP level 3. HP: 20/20 MP: 8/11
   557 | D:1      | Learned a level 3 spell: Mephitic Cloud
   560 | D:1      | Learned a level 2 spell: Call Imp
   563 | D:1      | Learned a level 2 spell: Blink
  1429 | D:2      | Reached skill level 1 in Fighting
  1429 | D:2      | Reached skill level 1 in Armour
  1654 | D:2      | Identified the +5 ring mail of New Discoveries {Fly rC+
                  | Int+5 Dex-3}
  1775 | D:2      | Reached XP level 4. HP: 25/25 MP: 9/13
  2731 | D:2      | Reached skill level 6 in Spellcasting
  2731 | D:2      | Reached XP level 5. HP: 18/29 MP: 4/15
  3654 | D:4      | Reached skill level 1 in Shields
  3654 | D:4      | Reached skill level 1 in Air Magic
  3654 | D:4      | Reached skill level 1 in Alchemy
  3654 | D:4      | Reached XP level 6. HP: 34/34 MP: 11/17
  3693 | D:4      | Found a hazy altar of Hepliaklqana.
  3863 | D:4      | Reached skill level 7 in Spellcasting
  4040 | D:4      | You fall into a shaft and drop 2 floors!
  4101 | D:6      | Noticed Sigmund
  4102 | D:6      | Noticed Prince Ribbit
  4110 | D:6      | Killed Sigmund
  4111 | D:6      | Reached skill level 8 in Spellcasting
  4111 | D:6      | Reached XP level 7. HP: 38/38 MP: 13/20
  4120 | D:6      | Killed Prince Ribbit
  4263 | D:6      | Noticed a troll
  4333 | D:6      | Found a glowing silver altar of Zin.
  4333 | D:6      | Noticed an angel
  4359 | D:5      | Entered Level 5 of the Dungeon
  4437 | D:4      | Found a shimmering blue altar of Sif Muna.
  4794 | D:4      | Reached skill level 9 in Spellcasting
  5151 | D:5      | Reached XP level 8. HP: 43/43 MP: 16/23
  5540 | D:6      | Reached skill level 5 in Conjurations
  5858 | D:6      | Killed a troll
  5859 | D:6      | Reached skill level 10 in Spellcasting
  6610 | D:7      | Reached skill level 1 in Evocations
  6668 | D:7      | Identified the +5 quarterstaff of Kindness {freeze, rF+
                  | Dex+3}
  6836 | D:7      | Reached skill level 11 in Spellcasting
  6843 | D:7      | Reached XP level 9. HP: 37/47 MP: 10/26
  7160 | D:7      | Found a radiant altar of Vehumet.
  7166 | D:7      | Became a worshipper of Vehumet
  7361 | D:7      | Found a staircase to the Ecumenical Temple.
  7479 | D:8      | Reached skill level 12 in Spellcasting
  7944 | D:8      | Reached * piety under Vehumet
  7944 | D:8      | Offered knowledge of Foxfire by Vehumet.
  7947 | D:8      | Learned a level 1 spell: Foxfire
  8552 | D:9      | Found a glowing golden altar of the Shining One.
  8732 | D:9      | Reached skill level 1 in Fire Magic
  8860 | D:9      | Found Qiklathri's Assorted Antiques.
  8967 | D:9      | Reached skill level 13 in Spellcasting
  9195 | D:9      | Reached XP level 10. HP: 56/56 MP: 10/29
  9404 | D:9      | Found a staircase to the Orcish Mines.
  9528 | D:9      | Offered knowledge of Searing Ray by Vehumet.
  9534 | D:9      | Reached ** piety under Vehumet
  9976 | D:10     | Entered Level 10 of the Dungeon
  9976 | D:10     | Noticed a +0 executioner's axe
  9976 | D:10     | Found Ahuwke's Weapon Boutique.
  9979 | D:10     | Noticed a +0 executioner's axe
 10165 | D:10     | Found a shadowy altar of Dithmenos.
 10800 | D:11     | Found Ocwueveko's Assorted Antiques.
 10812 | D:11     | Noticed a manticore
 10820 | D:11     | Killed a manticore
 10821 | D:11     | Reached skill level 14 in Spellcasting
 10867 | D:11     | Noticed a manticore
 10876 | D:11     | Killed a manticore
 10960 | D:11     | Learned a level 3 spell: Hailstorm
 11008 | D:11     | Noticed a two-headed ogre
 11028 | D:11     | Killed a two-headed ogre
 11029 | D:11     | Reached skill level 1 in Ice Magic
 11228 | D:11     | Found a staircase to the Lair.
 11230 | D:11     | Noticed a death yak
 11230 | D:11     | Noticed a death yak
 11248 | D:11     | Offered knowledge of Stone Arrow by Vehumet.
 11248 | D:11     | Killed a death yak
 11249 | D:11     | Reached skill level 15 in Spellcasting
 11278 | D:11     | Learned a level 3 spell: Stone Arrow
 11290 | D:11     | Killed a death yak
 11291 | D:11     | Reached XP level 11. HP: 48/61 MP: 17/32
 11515 | D:11     | Found a portal to a secret trove of treasure.
 11907 | D:11     | Reached skill level 1 in Earth Magic
 12115 | D:12     | Reached *** piety under Vehumet
 12203 | D:12     | Noticed a two-headed ogre
 12210 | D:12     | Killed a two-headed ogre
 12219 | D:12     | Noticed a two-headed ogre
 12224 | D:12     | Killed a two-headed ogre
 12455 | D:12     | Reached skill level 16 in Spellcasting
 12645 | D:12     | Offered knowledge of Flame Wave by Vehumet.
 12839 | D:12     | Noticed a white ugly thing
 12841 | D:12     | Noticed a two-headed ogre
 12850 | D:12     | Noticed a brown ugly thing
 12853 | D:12     | Killed a brown ugly thing
 12854 | D:12     | Killed a white ugly thing
 12855 | D:12     | Killed a two-headed ogre
 12856 | D:12     | Reached skill level 5 in Ice Magic
 12859 | D:12     | Noticed a two-headed ogre
 12866 | D:12     | Killed a two-headed ogre
 12893 | D:12     | Noticed a rakshasa
 12902 | D:12     | Killed a rakshasa
 12903 | D:12     | Reached skill level 10 in Conjurations
 12948 | D:12     | Noticed Erolcha
 12983 | D:12     | Killed Erolcha
 12984 | D:12     | Reached XP level 12. HP: 66/66 MP: 12/34
 13093 | D:12     | Reached skill level 17 in Spellcasting
 13143 | D:12     | Noticed a death knight
 13175 | D:12     | Killed a death knight
 13301 | D:12     | Identified the +8 sling "Ydagit" {drain, rCorr Int+2 Dex-5
                  | Stlth+}
 13301 | D:12     | Noticed a centaur warrior
 13324 | D:12     | Killed a centaur warrior
 13529 | D:12     | Noticed a two-headed ogre
 13538 | D:12     | Reached skill level 5 in Shields
 13644 | D:12     | Noticed a two-headed ogre
 13648 | D:12     | Killed a two-headed ogre
 13663 | D:12     | Killed a two-headed ogre
 14083 | D:12     | Noticed a death knight
 14131 | D:12     | HP: 3/66 [freezing wraith[a death knight] (10)]
 14132 | D:12     | Slain by a wraith

Illustrated notes

Levels and vault maps discovered:
D:1:      zelgadis_glass_arrival_small, layout_basic, roderic_roman_lattice
D:2:      layout_basic, minmay_hedge_maze
D:3:      layout_basic, minmay_misc_feat_secret_circle
D:4:      layout_rooms, mainiacjoe_overflow_alcove_2,
          nicolae_hepliaklqana_hazy_memory
D:5:      layout_rooms, serial_aquarium, aquarium_bridge_straight
          [aquarium_subvault_bridge, aquarium_subvault_wall,
          aquarium_subvault_bridge, aquarium_subvault_wall],
          aquarium_window_corridor_1, aquarium_window_fake, aquarium_window_2,
          aquarium_view_2d, aquarium_view_2f, aquarium_pool_corner
D:6:      layout_layer_cave, zin_angel, uniq_sigmund, uniq_prince_ribbit1
D:7:      layout_cave_pools, nicolae_vehumet_altar_sigil,
          minmay_temple_entry_from_below_a, dk_vineyard_3
D:8:      layout_loops_cross
D:9:      layout_roguey, mainiacjoe_overflow_chevrons, erik_orc_2,
          nicolae_stop_n_shop_1
D:10:     layout_basic, mainiacjoe_overflow_catwalk, serial_shops,
          nicolae_shop_mannequins
D:11:     layout_loops_ring, dpeg_lair_monsters, serial_shops,
          nicolae_shop_hallway_plus, nicolae_trove_entry_columns
D:12:     hangedman_cross_cluster, layout_basic, uniq_erolcha

Skill      XL: |  1  2  3  4  5  6  7  8  9 10 11 12 |
---------------+-------------------------------------+-----
Spellcasting   | 5 6 8 9 11 13 15 16 17 | 17.7
Fighting       | 1 3 4 |  4.1
Armour         | 1 2 3 4 |  4.0
Conjurations   | 2 3 4 6 7 8 10 | 10.6
Stealth        | 3 |  3.0
Dodging        | 3 |  3.0
Shields        | 1 2 3 4 5 |  5.2
Air Magic      | 1 |  1.2
Alchemy        | 1 |  1.1
Evocations     | 1 |  1.1
Fire Magic     | 2 4 |  4.2
Ice Magic      | 2 5 6 |  6.4
Earth Magic    | 1 |  1.0
Summonings     | |  1.1
Translocations | |  1.1

Action                     |  1- 3 |  4- 6 |  7- 9 | 10-12 || total
---------------------------+-------+-------+-------+-------++-------
  Melee: Dagger            |     5 |    47 |   144 |    34 ||   230
   Cast: Magic Dart        |    89 |    90 |   176 |    10 ||   365
         Mephitic Cloud    |     1 |     9 |    23 |    28 ||    61
         Call Imp          |       |     2 |     4 |     7 ||    13
         Blink             |       |       |     4 |     4 ||     8
         Foxfire           |       |       |    93 |   133 ||   226
         Stone Arrow       |       |       |       |   147 ||   147
         Hailstorm         |       |       |       |     3 ||     3
    Use: Potion            |       |     1 |       |       ||     1
   Stab: Confused          |     1 |     4 |    17 |     4 ||    26
         Sleeping          |       |       |     2 |       ||     2
 Armour: Robe              |    12 |    26 |    29 |       ||    67
         Troll leather arm |       |       |    28 |       ||    28
         Steam dragon scal |       |       |    24 |    88 ||   112
  Dodge: Dodged            |    17 |    39 |    75 |    76 ||   207

Table legend: (Time is in decaauts)
 A = Elapsed time spent in this place.
 B = Non-inter-level travel time spent in this place.
 C = Inter-level travel time spent in this place.
 D = Time resting spent in this place.
 E = Time spent auto-exploring this place.
 F = Levels seen in this place.
 G = Mean time per level.
                   A        B        C        D        E       F      G
               +--------+--------+--------+--------+--------+-----+--------+
         Total |  14150 |  13846 |    304 |    881 |  10873 |  12 | 1179.2 |
       Dungeon |  14150 |  13846 |    304 |    881 |  10873 |  12 | 1179.2 |
               +--------+--------+--------+--------+--------+-----+--------+

Top non-repeatable levels by time:
    D:12: 2087 daAuts
     D:6: 1566 daAuts
     D:9: 1472 daAuts
     D:1: 1364 daAuts
     D:2: 1358 daAuts
    D:11: 1272 daAuts
     D:4: 1110 daAuts
     D:8: 1081 daAuts
    D:10: 805 daAuts
     D:7: 732 daAuts
     D:3: 712 daAuts
     D:5: 584 daAuts
